Map: Fields of Shazir

Players

TITTENJACK

  • Race: Zerg Zerg
  • Spawn Location: 7:00

Badsky

  • Race: Zerg Zerg
  • Spawn Location: 9:00

Pioti

  • Race: Zerg Zerg
  • Spawn Location: 9:00

Loken

  • Race: Zerg Zerg
  • League: Platinum
  • Spawn Location: 5:00

dallaskuken

  • Race: Protoss Protoss
  • League: Platinum
  • Spawn Location: 3:00

TimeTwist

  • Race: Zerg Zerg
  • Spawn Location: 3:00

VOD

Have the link to the VOD?

Description

Time

  • Played on: March 22, 2017, 4:27 a.m.
  • Length: 19:05
Show
View Real Time Build Order
Export as new Build Order

TITTENJACK Zerg 

Build Orders: Pool First 

Get SALT Encoding   

  12  0:05  Drone  
  13  0:12  Drone  
  14  0:17  Extractor  
  14  0:18  Drone  
  14  0:32  Overlord  
  14  0:47  Spawning Pool, Drone  
  14  0:52  Drone  
  14  0:55  Drone  
  16  1:01  Drone  
  17  1:07  Evolution Chamber  
  16  1:11  Drone  
  17  1:21  Drone  
  18  1:34  Queen  
  18  1:39  Zerg Melee Weapons Level 1  
  20  1:44  Overlord  
  20  1:49  Zergling x2  
  21  1:57  Zergling x2  
  22  2:05  Zergling x2  
  23  2:15  Zergling x2  
  24  2:18  Metabolic Boost  
  24  2:25  Zergling x2  
  25  2:35  Overlord  
  25  2:42  Zergling x2  
  26  2:44  Zergling x4  
  26  2:48  Zergling x2  
  29  2:59  Zergling x2  
  30  3:12  Zergling x2  
  31  3:13  Zergling x4  
  31  3:14  Zergling x2  
  34  3:22  Zergling x2  
  35  3:33  Zergling x2  
  36  3:42  Zergling x2  
  36  3:44  Spine Crawler, Zergling x2  
  36  3:45  Zergling x2  
  38  3:55  Zergling x4  
  27  4:10  Zergling x2  
  21  4:17  Zergling x8  
  21  4:32  Zergling x2  
  21  4:39  Zergling x2  
  21  4:50  Zergling x2  
  21  4:58  Queen  
  21  4:59  Spore Crawler  
  22  5:17  Hatchery, Drone x2  
  22  5:18  Spore Crawler  
  21  5:34  Zergling x4  
  23  5:49  Drone  
  24  5:51  Zerg Ground Armor Level 1  
  24  6:04  Drone x2  
  24  6:08  Drone x3  
  29  6:25  Zergling x2  
  30  6:40  Zergling x12  
  34  6:57  Zergling x6  
  36  7:07  Drone x2  
  38  7:17  Drone x2  
  38  7:19  Queen  
  42  7:28  Drone  
  43  7:30  Overlord  
  43  7:39  Overlord  
  43  7:40  Overlord  
  43  7:46  Overlord  
  41  8:04  Drone x2  
  41  8:05  Drone x3  
  43  8:10  Drone x4  
  47  8:15  Zerg Missile Weapons Level 1  
  47  8:22  Drone x2  
  49  8:28  Extractor  
  49  8:31  Lair  
  49  8:34  Drone x2, Evolution Chamber  
  36  9:24  Spore Crawler x2  
  36  9:25  Drone x2  
  36  9:26  Drone x2, Spore Crawler  
  36  9:29  Extractor  
  36  9:31  Drone x3  
  39  9:55  Roach Warren  
  38  10:05  Drone x6  
  44  10:18  Zerg Ground Armor Level 2  
  44  10:19  Hatchery  
  43  10:24  Extractor  
  42  10:36  Spore Crawler  
  42  10:37  Roach x4  
  42  10:39  Zergling x8  
  53  10:44  Zerg Melee Weapons Level 2  
  53  10:47  Hatchery  
  52  10:54  Drone x2  
  54  11:01  Spore Crawler  
  54  11:03  Hydralisk Den  
  52  11:05  Roach x4  
  52  11:06  Zergling x8  
  64  11:33  Drone x2  
  64  11:34  Drone x4  
  64  11:35  Queen  
  72  11:52  Roach x4, Hydralisk  
  72  11:53  Overlord x3  
  82  12:06  Drone  
  82  12:08  Spore Crawler  
  82  12:14  Drone x4  
  82  12:15  Drone x2  
  88  12:25  Spore Crawler  
  88  12:26  Extractor  
  86  12:36  Drone x2  
  86  12:37  Drone x2, Spore Crawler  
  90  12:43  Hydralisk x3  
  94  13:16  Hydralisk x4  
  94  13:17  Hydralisk x4  
  95  13:28  Roach x4, Zergling x8  
  105  13:38  Roach x2, Zergling x8  
  111  13:47  Zergling x2, Overlord x3  
  110  14:00  Roach, Zergling x8  
  102  14:24  Roach x4, Zergling x8  
  102  14:26  Hydralisk x3  
  102  14:38  Infestation Pit  
  87  14:39  Hydralisk x4  
  82  15:06  Zergling x8  
  82  15:07  Zergling x24  
  88  15:25  Hydralisk x4  
  88  15:27  Zergling x8  
  89  15:37  Roach, Zergling x8  
  94  15:43  Hydralisk  
  93  15:55  Zergling x8  
  72  16:18  Zergling x16  
  61  17:01  Roach x3  
  66  17:03  Hatchery  
  66  17:07  Zergling x4  
  66  17:17  Zergling x6  
  69  17:26  Zergling x6  
  72  17:33  Zergling x2  
  64  18:29  Zergling x24  
  72  18:45  Zergling x18  
Show
View Real Time Build Order
Export as new Build Order

Badsky Zerg 

Build Orders: Pool First 

Get SALT Encoding   

  12  0:01  Drone  
  13  0:09  Drone  
  14  0:16  Extractor  
  13  0:34  Spawning Pool  
  12  0:36  Drone  
  12  0:40  Drone  
  14  0:47  Overlord  
  14  1:08  Drone  
  14  1:09  Drone  
  16  1:12  Extractor  
  16  1:13  Drone  
  16  1:26  Roach Warren  
  16  1:28  Drone  
  16  1:35  Drone  
  17  1:45  Queen  
  19  2:02  Zergling x2  
  19  2:04  Metabolic Boost  
  19  2:07  Roach  
  20  2:42  Overlord  
  20  3:03  Roach  
  20  3:04  Roach x2  
  26  3:25  Roach  
  26  3:26  Roach  
  30  3:31  Overlord  
  30  3:56  Roach x3  
  30  3:58  Overlord  
  36  4:11  Spine Crawler  
  35  4:22  Zergling x6  
  38  4:39  Zergling x6  
  40  5:24  Overlord  
  32  5:38  Drone x3  
  32  5:39  Drone x3  
  38  5:45  Spore Crawler  
  38  5:46  Spore Crawler  
  38  5:47  Spore Crawler  
  30  5:55  Drone x2  
  34  6:01  Queen  
  36  6:15  Drone x2  
  36  6:35  Drone  
  35  7:04  Drone  
  35  7:05  Drone x2  
  38  7:25  Hatchery  
  38  7:28  Drone x2  
  39  7:30  Lair  
  39  7:36  Drone  
  39  7:37  Drone  
  41  7:38  Drone  
  42  7:50  Overlord  
  42  8:09  Drone x2  
  42  8:10  Drone x2  
  42  8:11  Drone  
  47  8:25  Ravager x3  
  47  8:26  Ravager x2  
  46  9:12  Drone x7  
  46  9:13  Drone  
  46  9:14  Queen  
  46  9:15  Spore Crawler  
  55  9:22  Hydralisk Den  
  54  9:39  Drone x5  
  54  9:42  Extractor  
  58  9:48  Overlord  
  58  9:49  Overlord  
  54  10:06  Hydralisk x5  
  59  10:10  Muscular Augments  
  63  10:19  Hydralisk  
  63  10:20  Hydralisk  
  65  10:38  Drone x2  
  67  10:45  Drone x3  
  67  10:47  Overlord  
  70  10:54  Hydralisk  
  70  10:55  Hydralisk  
  74  11:01  Overseer  
  74  11:02  Overlord x2  
  74  11:08  Drone  
  75  11:38  Hydralisk x2  
  75  11:39  Hydralisk x5  
  89  11:43  Overlord  
  89  11:44  Overlord  
  87  12:39  Ravager x3  
  87  12:40  Ravager  
  87  12:42  Overlord x2  
  92  12:44  Drone x2  
  92  12:50  Extractor  
  92  12:52  Spore Crawler x2  
  49  13:40  Hydralisk x5  
  49  13:41  Hydralisk x9  
  66  14:36  Extractor  
  66  14:38  Hatchery  
  64  14:42  Extractor  
  63  14:51  Drone x3  
  63  14:52  Drone x9  
  75  14:53  Drone x2  
  75  14:55  Hatchery  
  75  14:56  Extractor  
  75  14:57  Drone x3  
  75  14:58  Extractor  
  61  15:47  Hydralisk x7  
  63  16:06  Spire  
  62  16:27  Drone  
  62  16:28  Drone  
  62  16:29  Drone x3  
  67  16:57  Queen  
  67  17:00  Drone x2  
  71  17:19  Mutalisk x5  
  71  17:20  Mutalisk x8  
  97  17:24  Queen  
  97  17:27  Mutalisk x2  
  97  17:28  Mutalisk x5  
  113  17:53  Mutalisk x3  
  113  17:54  Mutalisk x5  
  123  18:14  Mutalisk x3  
  123  18:15  Mutalisk  
  127  18:23  Mutalisk x2  
  127  18:27  Overlord x3  
Show
View Real Time Build Order
Export as new Build Order

Pioti Zerg 

Build Orders: Hatch First 

Get SALT Encoding   

  12  0:02  Drone  
  13  0:10  Drone  
  14  0:19  Overlord  
  14  0:39  Drone  
  14  0:40  Drone x2  
  17  0:58  Hatchery  
  16  1:09  Extractor  
  15  1:16  Drone  
  15  1:18  Spawning Pool  
  15  1:19  Drone  
  15  1:22  Drone  
  17  1:35  Drone  
  18  1:41  Drone  
  19  1:51  Overlord  
  19  2:06  Zergling x2  
  20  2:10  Queen  
  20  2:12  Queen  
  20  2:15  Metabolic Boost  
  24  2:19  Zergling x4  
  26  2:31  Zergling x4  
  26  2:36  Evolution Chamber  
  27  2:45  Zergling x8  
  31  2:58  Zergling x4  
  32  3:05  Overlord  
  22  3:44  Zergling x20  
  30  4:04  Zergling x2  
  30  4:05  Zergling x6  
  27  4:20  Zergling x4  
  29  4:31  Queen  
  31  4:32  Drone x4  
  35  4:46  Drone  
  35  4:50  Lair, Roach Warren  
  35  4:53  Drone  
  36  5:13  Drone x6  
  41  5:36  Drone x2  
  41  5:41  Overlord x4  
  43  6:04  Drone x9  
  48  6:06  Overseer  
  52  6:11  Spore Crawler  
  51  6:27  Spore Crawler  
  51  6:28  Spore Crawler  
  51  6:30  Drone  
  50  6:35  Roach x7  
  61  7:03  Extractor  
  61  7:06  Extractor  
  61  7:07  Roach, Hydralisk Den  
  61  7:08  Roach x7  
  74  7:12  Overlord  
  74  7:19  Drone  
  74  7:21  Overlord  
  75  7:31  Extractor  
  74  7:38  Muscular Augments, Hydralisk x2  
  74  7:40  Overlord x3  
  74  7:41  Overlord  
  78  7:45  Drone  
  79  8:03  Hydralisk x2  
  83  8:08  Drone x2  
  83  8:09  Drone  
  86  8:13  Drone  
  86  8:14  Drone  
  86  8:15  Drone x2  
  90  8:31  Hydralisk x2  
  94  8:35  Hatchery  
  94  8:37  Extractor  
  94  8:38  Extractor  
  91  8:51  Hydralisk  
  91  8:52  Hydralisk x3  
  99  9:13  Hydralisk  
  99  9:14  Hydralisk x4  
  109  9:33  Hydralisk x4  
  117  9:42  Evolution Chamber  
  116  9:46  Zerg Missile Weapons Level 1  
  116  9:49  Drone x2  
  118  10:01  Hydralisk  
  118  10:02  Hydralisk x3  
  126  10:09  Queen  
  126  10:11  Drone  
  126  10:12  Overlord  
  126  10:13  Overlord  
  129  10:22  Overlord x3  
  129  10:38  Hydralisk x4  
  133  11:00  Drone x9  
  141  11:15  Hydralisk  
  141  11:16  Hydralisk  
  145  11:19  Overlord  
  145  11:20  Overlord x3  
  145  11:44  Hydralisk  
  145  11:45  Hydralisk x5  
  157  11:48  Zerg Missile Weapons Level 2  
  157  11:51  Zerg Ground Armor Level 1  
  157  12:14  Spire  
  156  12:18  Spire  
  155  12:50  Hydralisk x3  
  158  13:02  Spore Crawler  
  158  13:05  Extractor  
  156  13:13  Hydralisk x2  
  158  13:22  Hydralisk  
  132  13:36  Hydralisk x6  
  128  13:46  Hydralisk  
  120  14:03  Hydralisk  
  120  14:04  Hydralisk x2  
  83  14:20  Hydralisk  
  83  14:22  Zergling x2  
  83  14:23  Zergling x4  
  86  14:54  Hydralisk  
  86  14:55  Hydralisk  
  86  14:56  Zergling x2  
  86  14:57  Zergling x6  
  94  15:06  Drone  
  95  15:12  Hydralisk  
  95  15:13  Hydralisk  
  68  15:43  Hydralisk x5  
  73  15:50  Hydralisk  
  73  15:51  Hydralisk  
  73  15:55  Hydralisk  
  79  16:05  Hydralisk x2  
  83  16:24  Hydralisk  
  83  16:25  Hydralisk x3  
  74  16:41  Hydralisk  
  74  16:42  Hydralisk x3  
  76  16:53  Hydralisk  
  76  16:54  Hydralisk x2  
  82  17:08  Corruptor  
  80  17:13  Corruptor  
  84  17:23  Corruptor  
  79  17:45  Corruptor x3  
  73  18:14  Corruptor  
  73  18:15  Corruptor  
  73  18:29  Hydralisk  
Show
View Real Time Build Order
Export as new Build Order

Loken Zerg 

Build Orders: Pool First 

Get SALT Encoding   

  12  0:01  Drone  
  13  0:24  Spawning Pool  
  13  0:27  Drone  
  13  0:32  Drone  
  14  0:40  Overlord  
  14  0:49  Extractor  
  13  0:51  Drone  
  14  1:08  Drone x2  
  16  1:15  Queen, Drone  
  19  1:23  Zergling x2  
  20  1:33  Zergling x2  
  21  1:48  Zergling x2  
  22  1:58  Overlord  
  22  2:19  Drone  
  22  2:20  Drone  
  24  2:23  Metabolic Boost  
  23  2:37  Drone x3  
  23  2:43  Extractor  
  23  2:56  Hatchery  
  23  2:58  Lair  
  22  3:02  Zergling x2  
  22  3:03  Zergling x4  
  25  3:14  Zergling x6  
  28  3:38  Zergling x2  
  28  3:39  Zergling x2  
  11  4:25  Queen  
  11  4:26  Queen  
  13  4:32  Zergling x2  
  13  4:33  Zergling x10  
  13  4:36  Drone x3  
  22  5:14  Drone x6  
  22  5:39  Zergling x8  
  27  5:50  Zergling x10  
  31  6:04  Zergling x2  
  31  6:05  Zergling x6  
  35  6:21  Overlord  
  35  6:22  Overlord x2  
  27  6:54  Spire  
  24  7:02  Drone x2  
  24  7:03  Drone x4  
  30  7:20  Drone x3  
  33  8:10  Mutalisk x3  
  39  8:37  Hatchery, Mutalisk x2  
  42  9:18  Mutalisk x2  
  42  9:20  Overlord  
  42  9:21  Overlord x3  
  44  10:01  Zergling x4  
  44  10:02  Zergling x4  
  44  10:04  Zergling x6  
  51  10:12  Infestation Pit  
  51  10:13  Drone x2  
  51  10:14  Drone  
  53  10:15  Queen  
  53  10:18  Drone  
  56  10:37  Hatchery  
  55  10:45  Drone x7  
  60  10:50  Hive  
  60  10:58  Drone x3  
  63  11:17  Drone x4  
  67  11:27  Extractor  
  67  11:29  Drone x5  
  67  11:30  Extractor  
  70  11:41  Overlord x2  
  68  12:05  Corruptor x6  
  68  12:06  Corruptor  
  82  12:11  Greater Spire  
  82  12:30  Drone x4  
  82  12:31  Drone x6  
  90  12:46  Pneumatized Carapace  
  90  13:04  Overlord x3  
  90  13:05  Overlord  
  80  13:30  Brood Lord  
  80  13:31  Brood Lord x5  
  85  13:44  Brood Lord  
  65  14:57  Hatchery  
  65  14:59  Hatchery  
  61  15:07  Hatchery  
  61  15:12  Hatchery  
  57  15:44  Zergling x2  
  57  15:45  Zergling x10  
  59  16:25  Zergling x10  
  54  16:42  Zergling x14  
  54  16:43  Zergling x10  
  49  16:58  Spawning Pool  
  43  17:14  Drone x2  
  42  17:15  Drone  
  42  17:16  Drone x10  
  47  17:34  Drone  
  47  17:35  Drone x2  
  43  17:45  Lair  
  43  17:48  Queen  
  43  17:52  Zergling x14  
  49  18:07  Zergling x10  
  51  18:26  Drone x2  
Show
View Real Time Build Order
Export as new Build Order

dallaskuken Protoss 

Build Orders: Oracle Opening 

Get SALT Encoding   

  12  0:01  Probe (Chrono Boost)  
  13  0:11  Probe (Chrono Boost)  
  14  0:22  Pylon  
  14  0:24  Probe (Chrono Boost)  
  15  0:40  Probe (Chrono Boost)  
  16  0:44  Forge  
  16  0:51  Probe (Chrono Boost)  
  17  1:01  Probe (Chrono Boost)  
  18  1:09  Gateway  
  18  1:12  Probe (Chrono Boost)  
  18  1:17  Photon Cannon  
  19  1:23  Probe (Chrono Boost)  
  20  1:29  Assimilator  
  20  1:33  Probe (Chrono Boost)  
  21  1:41  Pylon  
  21  1:44  Probe (Chrono Boost)  
  22  2:02  Cybernetics Core  
  22  2:09  Photon Cannon  
  22  2:15  Assimilator  
  22  2:16  Pylon  
  22  2:50  Stargate  
  22  3:05  Pylon  
  22  3:08  Mothership Core (Chrono Boost)  
  24  3:34  Oracle  
  24  3:37  Probe (Chrono Boost)  
  28  3:48  Probe (Chrono Boost)  
  29  3:58  Probe (Chrono Boost)  
  25  4:39  Zealot  
  27  4:51  Probe (Chrono Boost)  
  28  5:00  Void Ray  
  28  5:06  Zealot  
  34  5:34  Sentry  
  36  6:02  Photon Cannon x2  
  36  6:04  Photon Cannon  
  36  6:07  Photon Cannon  
  36  6:09  Pylon  
  36  6:10  Pylon  
  36  6:20  Probe (Chrono Boost)  
  37  6:30  Probe (Chrono Boost)  
  38  6:41  Probe (Chrono Boost)  
  39  6:51  Probe (Chrono Boost)  
  40  7:02  Void Ray  
  40  7:08  Fleet Beacon  
  44  7:10  Probe (Chrono Boost)  
  44  7:11  Pylon  
  45  7:24  Stalker  
  47  7:55  Nexus  
  47  7:57  Carrier  
  47  7:58  Pylon  
  53  7:59  Pylon  
  53  8:02  Assimilator  
  53  8:07  Assimilator  
  53  8:19  Pylon  
  53  8:33  Probe (Chrono Boost)  
  54  8:46  Stargate  
  54  8:48  Probe (Chrono Boost)  
  55  8:58  Probe (Chrono Boost)  
  56  9:09  Probe (Chrono Boost)  
  57  9:19  Probe (Chrono Boost)  
  57  9:23  Carrier  
  64  9:30  Probe (Chrono Boost)  
  65  10:05  Carrier  
  71  10:20  Probe (Chrono Boost)  
  72  10:31  Probe (Chrono Boost)  
  73  10:41  Probe (Chrono Boost)  
  74  10:49  Carrier  
  80  10:52  Probe (Chrono Boost)  
  78  11:12  Probe (Chrono Boost)  
  79  11:22  Robotics Facility, Probe (Chrono Boost)  
  80  11:30  Carrier, Pylon  
  80  11:32  Pylon  
  86  11:33  Probe (Chrono Boost)  
  87  11:43  Probe (Chrono Boost)  
  94  12:14  Robotics Bay  
  94  12:18  Carrier  
  100  12:28  Pylon  
  100  12:30  Pylon  
  100  12:57  Colossus  
  100  12:58  Robotics Facility  
  100  13:01  Robotics Facility  
  92  13:50  Colossus  
  98  14:22  Immortal  
  91  14:50  Colossus  
  91  14:51  Colossus  
  67  15:44  Carrier x2  
  67  15:49  Extended Thermal Lance  
  65  16:20  Colossus  
  62  16:27  Colossus  
  62  16:57  Colossus  
Show
View Real Time Build Order
Export as new Build Order

TimeTwist Zerg 

Build Orders: Pool First 

Get SALT Encoding   

  12  0:02  Drone  
  13  0:08  Drone  
  14  0:28  Spawning Pool  
  14  0:29  Drone  
  14  0:38  Overlord  
  14  1:02  Extractor  
  13  1:15  Zergling x6  
  13  1:16  Queen  
  18  1:27  Zergling x2  
  19  1:37  Zergling x2  
  20  1:48  Overlord  
  20  1:58  Zergling x2  
  21  2:03  Metabolic Boost  
  19  2:24  Zergling x4  
  21  2:35  Zergling x2  
  21  2:36  Zergling x4  
  23  2:57  Drone  
  23  2:58  Drone  
  24  3:06  Zergling x2  
  24  3:09  Hatchery  
  24  3:13  Queen  
  24  3:14  Zergling x6  
  29  3:33  Zergling x2  
  30  3:34  Overlord  
  28  3:56  Zergling x8  
  26  4:13  Zergling x2  
  25  4:19  Drone  
  26  4:28  Drone  
  27  4:37  Spine Crawler  
  26  4:39  Spine Crawler  
  24  4:55  Zergling x4  
  24  4:56  Zergling x10  
  23  5:10  Zergling x2  
  23  5:11  Zergling x6  
  23  5:18  Spine Crawler  
  23  5:20  Spine Crawler  
Tags
 
Add a new tag
Caveats
  • Supply blocks, unpowered buildings, or Contaminate may cause inaccurate times.
  • Supply counts are checked every 10 seconds.